 Dungeon Crawl Stone Soup version 0.23-a0-175-g97aacdb306 (webtiles) character file.

3028 PikkenKukken the Cutter (level 9, -9/72 HPs)
             Began as a Vine Stalker Fighter on Sept 17, 2018.
             Was a Believer of Uskayaw.
             Mangled by a two-headed ogre
             ... wielding a +0 giant spiked club
              (19 damage)
             ... on level 8 of the Dungeon.
             The game lasted 00:12:11 (7210 turns).

PikkenKukken the Cutter (Vine Stalker Fighter)      Turns: 7210, Time: 00:12:12

Health: -9/72      AC: 24    Str: 21    XL:     9   Next: 85%
Magic:  0/10       EV:  2    Int:  8    God:    Uskayaw [**....]
Gold:   399        SH: 15    Dex: 15    Spells: 8/8 levels left

rFire    + . .     SeeInvis .   a - +1 rapier
rCold    . . .     Gourm    .   c - +1 shield
rNeg     + + +     Faith    .   (armour currently unavailable)
rPois    +         Spirit   +   (helmet currently unavailable)
rElec    .         Reflect  +   (cloak currently unavailable)
rCorr    .         Harm     .   (gloves currently unavailable)
MR       +....     NoTele   +   (boots currently unavailable)
Stlth    +.........             y - +4 amulet of reflection
HPRegen  0.62/turn              e - ring of wizardry
MPRegen  0.12/turn              o - ring of protection from fire

@: tree-form
A: regeneration 1, magic shield, no potion heal 3, rot immunity
a: Stomp, Line Pass, Renounce Religion


You were on level 8 of the Dungeon.
You worshipped Uskayaw.
Uskayaw was noncommittal.
You were not hungry.
You were a tree.
You visited 2 branches of the dungeon, and saw 9 of its levels.

You collected 399 gold pieces.

Inventory:

Hand Weapons
 a - a +1 rapier (weapon)
Armour
 c - a +1 shield (worn)
 q - a +0 chain mail (melded)
 z - a +0 cloak of poison resistance
Jewellery
 e - a ring of wizardry (left branch)
 o - a ring of protection from fire (right branch)
 p - an uncursed ring of flight
 y - a +4 amulet of reflection (around neck)
Wands
 g - a wand of random effects (44)
 l - a wand of enslavement (26)
 t - a wand of paralysis (14)
 u - a wand of digging (12)
Scrolls
 b - 2 scrolls of identify
 d - a scroll of enchant weapon
 h - 4 scrolls of remove curse
 j - a scroll of fog
 k - a scroll of teleportation
 v - a scroll of enchant armour
 w - a scroll of amnesia
Potions
 i - a potion of brilliance
 m - a potion of cancellation
 n - a potion of resistance
 r - a potion of flight
Comestibles
 f - 11 rations
 s - a chunk of flesh


   Skills:
 + Level 5.9 Fighting
 * Level 7.8 Short Blades
 + Level 5.3 Armour
 + Level 2.2 Dodging
 + Level 6.0 Shields


You had 8 spell levels left.
You didn't know any spells.
Your spell library contained the following spells:

 Spells                   Type           Power        Failure   Level  Hunger
 Corona                   Hex            #......      45%         1    ##.....
 Ensorcelled Hibernation  Hex/Ice        #.....       61%         2    ###....
 Confuse                  Hex            #.......     82%         3    ####...
 Dazzling Spray           Conj/Hex       #.....       82%         3    ####...
 Tukima's Dance           Hex            #.......     82%         3    ####...


Dungeon Overview and Level Annotations

Branches:
Dungeon (8/15)             Temple (1/1) D:4
   Lair: D:8-11

Altars:
Ashenzari
Cheibriados
Dithmenos
Elyvilon
Fedhas
Gozag
Hepliaklqana
Kikubaaqudgha
Makhleb
Nemelex Xobeh
Okawaru
Qazlal
Ru
Sif Muna
Trog
Uskayaw
Vehumet
Xom
Zin
The Shining One


Innate Abilities, Weirdness & Mutations

((You have razor-sharp teeth.))
Your natural rate of healing is unusually fast.
When hurt, damage is shared between your health and your magic reserves.
((Your bite disrupts and absorbs the magic of your enemies.))
Potions cannot restore your health.
You are immune to rotting.


Message History

You hit the two-headed ogre. You bite the two-headed ogre! You drain its power.
You feel invigorated.
The two-headed ogre is heavily wounded.
Your chain mail prevents you from hitting the two-headed ogre.
You bite the two-headed ogre, but do no damage.
The two-headed ogre is heavily wounded.
You block the two-headed ogre's attack.
The two-headed ogre hits you with a giant club!
You barely miss the two-headed ogre. Your bite misses the two-headed ogre.
The two-headed ogre is heavily wounded.
The two-headed ogre hits you with a giant spiked club!
* * * LOW HITPOINT WARNING * * *
You block the two-headed ogre's attack.
You turn into a tree.
Your +0 chain mail melds into your body.
Your roots penetrate the ground.
You hit the two-headed ogre but do no damage.
The two-headed ogre is heavily wounded.
The two-headed ogre hits you with a giant spiked club!!
You die...

#.........###
+.........'.
#........O#
#.......# #.....#
#..)# ##'##
#O########
#♣.......#
##.######.#
#####.....# #.#
..........###.####.#
####...#..........#
##.######.######
#........#
#.######## #.#


You could see a two-headed ogre.

Vanquished Creatures
  Maurice (D:8)
  Menkaure (D:6)
  Duvessa (D:6)
  An ice beast (D:7)
  A black bear (D:7)
  5 ogres
  2 phantoms
  3 wolves (D:8)
  A centaur (D:7)
  A crocodile (D:8)
  A big kobold (D:7)
  A bullfrog (D:6)
  Dowan (D:6)
  A scorpion (D:6)
  A howler monkey (D:7)
  5 crimson imps
  A bullfrog zombie (D:6)
  An orc priest (D:4)
  A centaur zombie (D:6)
  2 hounds
  A jelly (D:5)
  2 bullfrog skeletons
  A centaur skeleton (D:6)
  An iguana (D:6)
  Ijyb (D:3)
  3 orc wizards
  A worker ant (D:6)
  A hound skeleton (D:4)
  17 gnolls
  15 adders
  An ooze (D:4)
  2 worms
  An adder skeleton (D:4)
  6 leopard geckos
  14 orcs
  3 giant cockroaches
  8 hobgoblins
  A quokka (D:7)
  2 ball pythons
  8 bats
  2 frilled lizards (D:4)
  5 goblins
  14 kobolds
  A quokka zombie (D:5)
  9 rats
152 creatures vanquished.

Vanquished Creatures (others)
  A kobold (D:7)
  A bush (D:8)
  3 fungi (D:8)
  6 plants (D:8)
11 creatures vanquished.

Grand Total: 163 creatures vanquished

Notes
Turn   | Place    | Note
-------+----------+-------------------------------------------
     0 | D:1      | PikkenKukken the Vine Stalker Fighter began the quest for
                  | the Orb.
     0 | D:1      | Reached XP level 1. HP: 11/11 MP: 2/2
   340 | D:1      | Reached skill level 2 in Short Blades
   390 | D:1      | Reached XP level 2. HP: 14/16 MP: 1/3
  1336 | D:2      | Reached XP level 3. HP: 5/19 MP: 1/4
  1713 | D:2      | Gained mutation: Your natural rate of healing is unusually
                  | fast. [Vine Stalker growth]
  1713 | D:2      | Reached XP level 4. HP: 24/24 MP: 5/5
  1766 | D:2      | Noticed an ogre
  1775 | D:2      | Killed an ogre
  1775 | D:2      | Reached skill level 3 in Short Blades
  1775 | D:2      | Reached XP level 5. HP: 3/28 MP: 1/6
  2489 | D:3      | Found a faded altar of an unknown god.
  2750 | D:3      | Reached XP level 6. HP: 32/32 MP: 7/7
  3115 | D:3      | Noticed Ijyb
  3133 | D:3      | Killed Ijyb
  3264 | D:4      | Found a stormy altar of Qazlal.
  3266 | D:4      | Found a radiant altar of Vehumet.
  3387 | D:4      | Found a shattered altar of Ashenzari.
  3414 | D:4      | Reached skill level 4 in Short Blades
  3493 | D:4      | Noticed a phantom
  3512 | D:4      | Killed a phantom
  3512 | D:4      | Reached XP level 7. HP: 33/37 MP: 6/8
  3884 | D:4      | Found a staircase to the Ecumenical Temple.
  3893 | Temple   | Entered the Ecumenical Temple
  4011 | Temple   | Became a worshipper of Uskayaw the Reveler
  4091 | D:4      | Reached * piety under Uskayaw
  4097 | D:4      | Reached ** piety under Uskayaw
  4366 | D:5      | Entered Level 5 of the Dungeon
  4387 | D:4      | Reached *** piety under Uskayaw
  4391 | D:5      | Reached **** piety under Uskayaw
  4392 | D:5      | Reached skill level 5 in Short Blades
  4467 | D:5      | Gained mutation: You have razor-sharp teeth. [Vine Stalker
                  | growth]
  4467 | D:5      | Reached XP level 8. HP: 35/42 MP: 7/9
  4663 | D:5      | Reached ***** piety under Uskayaw
  4935 | D:6      | Noticed Menkaure
  4988 | D:6      | Killed Menkaure
  4988 | D:6      | Reached skill level 6 in Short Blades
  5047 | D:6      | Reached skill level 5 in Shields
  5074 | D:6      | Reached skill level 5 in Fighting
  5149 | D:6      | Noticed Duvessa
  5149 | D:6      | Noticed Dowan
  5174 | D:6      | Killed Duvessa
  5176 | D:6      | Killed Dowan
  5246 | D:6      | Reached XP level 9. HP: 12/47 MP: 5/10
  5999 | D:7      | Reached skill level 7 in Short Blades
  6066 | D:7      | Reached skill level 1 in Dodging
  6300 | D:7      | Reached skill level 5 in Armour
  7151 | D:8      | Noticed Maurice
  7172 | D:8      | Killed Maurice
  7196 | D:8      | Noticed a two-headed ogre
  7210 | D:8      | Mangled by a two-headed ogre

Vault maps used:
D:1:      giann_bridges
D:3:      chequers_ecumenical_altar_simple_redux, uniq_ijyb
D:4:      lemuel_crystal_altar, fiery_altar_vehumet, overflow_temple_1_default,
          minmay_temple_entry_hall
D:5:      first_ration
D:6:      uniq_menkaure, uniq_duvessa
D:7:      cheibrodos_two_vegetables
D:8:      yredelemnul_altar_generic, minmay_lair_entry_grove, serial_shops,
          kennysheep_little_box, uniq_pikel, uniq_maurice, uniq_gastronok
Temple:   hc_temple_tempest_star

Skill      XL: |  1  2  3  4  5  6  7  8  9 |
---------------+----------------------------+-----
Short Blades   | 2 3 4 5 6 7 |  7.8
Fighting       | 3 4 5 |  5.9
Shields        | 3 4 5 6 |  6.0
Armour         | 3 4 5 |  5.3
Dodging        | 2 |  2.2

Action                   |  1- 3 |  4- 6 |  7- 9 || total
-------------------------+-------+-------+-------++-------
Melee: Rapier            |    58 |   139 |   355 ||   552
       Bite              |     8 |    42 |   113 ||   163
  Use: Scroll            |     5 |     7 |     7 ||    19
       Potion            |       |     1 |     1 ||     2
 Stab: Paralysed         |       |       |    10 ||    10
  Eat: Chunk             |     2 |     6 |     9 ||    17
       Ration            |       |       |     1 ||     1
Armor: Scale mail        |    23 |    35 |    10 ||    68
       Chain mail        |       |       |    83 ||    83
Dodge: Dodged            |    19 |    35 |    73 ||   127
Block: Shield            |    21 |    61 |   200 ||   282
       Reflection        |       |       |     2 ||     2

Table legend:
 A = Non-vault XP
 B = Vault XP
 C = Vault XP percentage of total XP
 D = Non-vault monster count
 E = Vault monster count
 F = Vault count percentage of total count
                 A         B        C        D         E       F
            +---------+---------+-------+---------+---------+-------
      Total |    2853 |    1473 |  34.0 |     140 |      12 |   7.9
            +---------+---------+-------+---------+---------+-------
        D:1 |      22 |       0 |   0.0 |      16 |       0 |   0.0
        D:2 |     209 |       0 |   0.0 |      16 |       0 |   0.0
        D:3 |     135 |      36 |  21.1 |      27 |       1 |   3.6
        D:4 |     594 |       0 |   0.0 |      23 |       0 |   0.0
        D:5 |     708 |       0 |   0.0 |      24 |       0 |   0.0
        D:6 |     586 |     400 |  40.6 |      13 |       3 |  18.8
        D:7 |     553 |     111 |  16.7 |      16 |       3 |  15.8
        D:8 |      46 |     926 |  95.3 |       5 |       5 |  50.0
            +---------+---------+-------+---------+---------+-------
